 Dungeon Sprint DCSS version 0.29-a0-813-g4a14ea37d6 (webtiles) character file.

Game seed: 6891739511569138042

295 mhtbhm the Covert (level 6, 0/28 HPs)
             Began as a Spriggan Enchanter on July 4, 2022.
             Slain by a spatial vortex (28 damage)
             ... in the Dungeon (Sprint III: "The Ten Rune Challenge").
             The game lasted 00:01:14 (300 turns).

mhtbhm the Covert (Spriggan Enchanter)               Turns: 300, Time: 00:01:15

Health: 0/28       AC:  2    Str:  4    XL:     6   Next: 11%
Magic:  13/16      EV: 19    Int: 17    God:
Gold:   29         SH:  0    Dex: 17    Spells: 6/17 levels left

rFire   . . .      SeeInvis +   a - +1 dagger
rCold   . . .      Faith    .   (no shield)
rNeg    . . .      Spirit   .   b - +0 robe {Will+}
rPois   .          Reflect  .   (helmet restricted)
rElec   .          Harm     .   (no cloak)
rCorr   .          Rampage  .   (gloves unavailable)
Will    ++...      NoTele   +   (boots unavailable)
Stlth   +++++.....              (no amulet)
HPRegen 0.09/turn               (no ring)
MPRegen 0.15/turn               (no ring)

@: very quick
A: very small, no large weapons, unfitting armour, see invisible, speed 3
a: no special abilities


You were in the Dungeon.
You visited 1 branch You collected 29 gold pieces.

Inventory:

Hand Weapons
 a - a +1 dagger (weapon)
Armour
 b - a +0 robe of willpower (worn)
Scrolls
 e - 2 scrolls of poison {unknown}
 h - a scroll of brand weapon {unknown}
 i - a scroll of blinking
 k - a scroll of immolation {unknown}
Potions
 c - 2 potions of invisibility
 d - a potion of curing
 f - a potion of haste
 g - 2 potions of magic
 j - a potion of lignification {unknown}
 l - a potion of resistance {unknown}
 m - 6 potions of mutation


   Skills:
 + Level 3.2 Short Blades
 + Level 5.3 Dodging
 + Level 12.9 Stealth
 + Level 6.2 Spellcasting
 + Level 9.6 Hexes
 + Level 1.2 Ice Magic


You had 6 spell levels left.
You knew the following spells:

 Your Spells              Type           Power      Damage    Failure   Level
a - Ensorcelled Hibernat  Hex/Ice        46%        N/A       1%          2
b - Confusing Touch       Hex            37%        N/A       1%          3
c - Tukima's Dance        Hex            37%        N/A       1%          3
d - Dazzling Flash        Conj/Hex       42%        N/A       5%          3

Your spell library contained the following spells:

 Spells                   Type           Power      Damage    Failure   Level


Dungeon Overview and Level Annotations

Branches:
Dungeon (1/1)

Altars:
Cheibriados
Fedhas
Gozag
Hepliaklqana
Makhleb
Nemelex Xobeh
Qazlal
Xom
Jiyva
Lugonu


Innate Abilities, Weirdness & Mutations

You are very small and have problems with some larger weapons.
You are too small for most types of armour.
You have supernaturally acute eyesight. (SInv)
You cover ground extremely quickly. (Speed+++)


Message History

You finish memorising.
Spell assigned to 'd'.
There is a fountain of clear blue water here.
You start resting.
Magic restored.
You already know all available spells.
Unknown command.
You open the door.
A jelly comes into view.
A shadow comes into view.
There is an open door here.
The helpless shadow fails to defend itself.
You stick the shadow like a pincushion!!!
You destroy the shadow!
Your Short Blades skill increases to level 3!
Your Dodging skill increases to level 5!
Your Stealth skill gained 3 levels and is now at level 12!
Your Spellcasting skill gained 2 levels and is now at level 6!
Your Hexes skill gained 2 levels and is now at level 9!
Your Ice Magic skill increases to level 1!
You have reached level 5!
You feel clever.
You have reached level 6!
The helpless jelly fails to defend itself.
You skewer the jelly like a kebab!!!
You kill the jelly!
You open the door.
Found a blossoming altar of Fedhas and a stormy altar of Qazlal.
A spatial vortex comes into view.
Found a phantom mirror.
Found eight altars.
There is an open door here.
There is a snail-covered altar of Cheibriados here.
There is a hazy altar of Hepliaklqana here.
There is an opulent altar of Gozag here.
You hit the spatial vortex.
The spatial vortex is lightly damaged.
You hit the spatial vortex.
The spatial vortex is lightly damaged.
The spatial vortex hits you!!
Ouch! That really hurt!
You die...

..♣♣ ♣.# ...♣ ♣♣.#
...♣♣ ♣..#
...≈♣♣♣♣..###+#+###+##
..≈≈..♣♣♣.#..........#
.≈≈≈≈♣.♣..'.⌠........#
.≈≈≈≈≈≈.♣.#...######'#
≈≈≈≈≈≈....#.⌠.#_v#...#
≈≈≈≈≈.....#...#_@#...#
≈≈≈.......#+###__#...#
..........# #__#...+
..........# #__'...#
▓▓▓▓▓▓▓▓▓▓▓ ▓▓▓▓▓▓▓▓


You could see a spatial vortex.

Vanquished Creatures
  A shadow (D)
  A water elemental (D)
  A jelly (D)
  Jessica (D)
  A human (D)
  A phantom (D)
  2 endoplasms (D)
  A rat (D)
9 creatures vanquished.

Vanquished Creatures (others)
  A plant (D)
1 creature vanquished.

Grand Total: 10 creatures vanquished

Notes
Turn   | Place    | Note
-------+----------+-------------------------------------------
     0 | D        | mhtbhm the Spriggan Enchanter began the quest for the Orb.
     0 | D        | Reached XP level 1. HP: 9/9 MP: 5/5
     8 | D        | Reached skill level 5 in Stealth
    11 | D        | Noticed Jessica
    15 | D        | Killed Jessica
    16 | D        | Reached skill level 7 in Stealth
    16 | D        | Reached skill level 5 in Hexes
    16 | D        | Reached XP level 2. HP: 13/13 MP: 5/7
    16 | D        | Reached XP level 3. HP: 16/16 MP: 6/9
    50 | D        | Learned a level 2 spell: Ensorcelled Hibernation
    54 | D        | Learned a level 3 spell: Confusing Touch
    58 | D        | Learned a level 3 spell: Tukima's Dance
   204 | D        | Reached skill level 8 in Stealth
   261 | D        | Noticed a water elemental
   264 | D        | Killed a water elemental
   265 | D        | Reached skill level 9 in Stealth
   265 | D        | Reached XP level 4. HP: 21/21 MP: 9/11
   269 | D        | Learned a level 3 spell: Dazzling Flash
   286 | D        | Noticed a shadow
   288 | D        | Killed a shadow
   289 | D        | Reached skill level 5 in Dodging
   289 | D        | Reached skill level 12 in Stealth
   289 | D        | Reached skill level 1 in Ice Magic
   289 | D        | Reached XP level 5. HP: 24/24 MP: 11/14
   289 | D        | Reached XP level 6. HP: 28/28 MP: 12/16
   294 | D        | Found a blossoming altar of Fedhas.
   294 | D        | Found a stormy altar of Qazlal.
   295 | D        | Found a snail-covered altar of Cheibriados.
   295 | D        | Found a burning altar of Makhleb.
   295 | D        | Found a hazy altar of Hepliaklqana.
   295 | D        | Found a shimmering altar of Xom.
   295 | D        | Found an opulent altar of Gozag.
   295 | D        | Found a sparkling altar of Nemelex Xobeh.
   295 | D        | Found a corrupted altar of Lugonu.
   295 | D        | Found a viscous altar of Jiyva.
   295 | D        | Noticed a spatial vortex
   300 | D        | Slain by a spatial vortex

Illustrated notes

Levels and vault maps discovered:
D:        dungeon_sprint_mu [sprint_mu_entry_forest, sprint_mu_temple_rooms,
          sprint_mu_d1_spiders, sprint_mu_d2_genie, sprint_mu_d3_branching,
          sprint_mu_orc_legion, sprint_mu_elf_gauntlet, sprint_mu_hive_nellie,
          sprint_mu_lair_fedhas, sprint_mu_vaults_butterflies,
          sprint_mu_slime_circle, sprint_mu_swamp_cave, sprint_mu_snake_twists,
          sprint_mu_blade_basic, sprint_mu_crypt_fortress,
          sprint_mu_tomb_spiral, sprint_mu_vestibule_basic,
          sprint_mu_gehenna_hellfire, sprint_mu_dis_giant,
          sprint_mu_tartarus_statrot, sprint_mu_cocytus_islands, sprint_mu_zot1]

Skill      XL: |  1  2  3  4 |
---------------+-------------+-----
Hexes          | 5 7 9 |  9.6
Stealth        | 7 9 12 | 12.9
Spellcasting   | 3 4 6 |  6.2
Dodging        | 3 4 5 |  5.3
Short Blades   | 2 3 |  3.2
Ice Magic      | 1 |  1.2

Action                   |  1- 3 |  4- 6 || total
-------------------------+-------+-------++-------
Melee: Dagger            |    12 |     4 ||    16
 Cast: Ensorcelled Hiber |     2 |       ||     2
       Confusing Touch   |     1 |       ||     1
  Use: Potion            |     2 |       ||     2
 Stab: Sleeping          |     6 |     2 ||     8
Armor: Robe              |     1 |       ||     1
Dodge: Dodged            |     2 |       ||     2

Table legend: (Time is in decaauts)
 A = Elapsed time spent in this place.
 B = Non-inter-level travel time spent in this place.
 C = Inter-level travel time spent in this place.
 D = Time resting spent in this place.
 E = Time spent auto-exploring this place.
 F = Levels seen in this place.
 G = Mean time per level.
                   A        B        C        D        E       F      G
               +--------+--------+--------+--------+--------+-----+--------+
         Total |    268 |    268 |      0 |    141 |      0 |   1 |  268.0 |
       Dungeon |    268 |    268 |      0 |    141 |      0 |   1 |  268.0 |
               +--------+--------+--------+--------+--------+-----+--------+

Top non-repeatable levels by time:
       D: 268 daAuts
